Map: 카이로스 정션 - 래더

Players

Leenock

  • Race: Zerg Zerg
  • Spawn Location: 5:00

dark - Winner!

  • Race: Zerg Zerg
  • Spawn Location: 11:00

Event: IEM Season 13: Katowice (2019)

VOD

Have the link to the VOD?

Description

Time

  • Played on: Feb. 28, 2019, 9:58 a.m.
  • Length: 4:12

All games in this series

Show
View Real Time Build Order
Export as new Build Order

Leenock Zerg 

Build Orders: Hatch First 

Get SALT Encoding   

  12  0:00  Drone  
  13  0:12  Overlord  
  13  0:16  Drone  
  14  0:30  Drone x2  
  16  0:48  Hatchery  
  15  0:50  Drone  
  15  0:55  Drone  
  17  0:58  Drone  
  18  1:05  Extractor  
  17  1:13  Spawning Pool  
  17  1:16  Drone  
  17  1:19  Drone  
  18  1:29  Drone  
  19  2:00  Queen, Zergling x8  
  27  2:12  Zergling x2  
  27  2:15  Zergling x2  
  27  2:29  Hatchery  
  24  2:38  Metabolic Boost  
  24  2:46  Overlord  
  24  3:06  Drone x3  
  24  3:09  Drone x3  
  30  3:22  Overlord  
  32  3:42  Drone x5  
  32  3:44  Drone  
  38  3:50  Spine Crawler  
  38  3:52  Zergling x2  
  38  3:57  Baneling Nest  
Show
View Real Time Build Order
Export as new Build Order

dark Zerg - Winner!

Build Orders: Pool First 

Get SALT Encoding   

  12  0:16  Spawning Pool  
  11  0:21  Drone  
  11  0:27  Drone  
  13  0:30  Drone  
  14  0:40  Overlord  
  14  1:04  Zergling x6  
  17  1:15  Zergling x2  
  18  1:18  Hatchery  
  17  1:26  Extractor, Zergling x2  
  17  1:35  Queen  
  19  1:40  Zergling x2  
  20  1:54  Overlord  
  20  1:58  Drone  
  19  2:25  Metabolic Boost  
  19  2:27  Queen  
  19  2:28  Zergling x2  
  20  2:32  Zergling x2  
  20  2:36  Zergling x2  
  22  2:41  Zergling x2  
  23  2:53  Zergling x6  
  23  2:57  Zergling x2  
  27  3:02  Zergling x2  
  28  3:06  Zergling x2  
  28  3:10  Zergling x2  
  30  3:14  Zergling x2  
  30  3:19  Zergling x2  
  32  3:26  Zergling x4  
  34  3:33  Zergling x2  
  35  3:37  Overlord  
  35  3:55  Zergling x8  

Tags
 
Add a new tag
Caveats
  • Supply blocks, unpowered buildings, or Contaminate may cause inaccurate times.
  • Supply counts are checked every 10 seconds.